 Dungeon Crawl Stone Soup version 0.28-a0-653-g7e9dba17c3 (webtiles) character file.

Game seed: 14264787898103447555

3 Tocho the Conjurer (level 1, 0/13 HPs)
             Began as a Human Conjurer on Oct 11, 2021.
             Slain by a ball python (1 damage)
             ... on level 1 of the Dungeon.
             The game lasted 00:02:08 (161 turns).

Tocho the Conjurer (Human Conjurer)                  Turns: 161, Time: 00:02:08

Health: 0/13       AC:  2    Str:  7    XL:     1   Next: 55%
Magic:  1/3        EV: 12    Int: 18    God:
Gold:   0          SH:  0    Dex: 11    Spells: 3/4 levels left

rFire   . . .      SeeInvis .   (no weapon)
rCold   . . .      Faith    .   (no shield)
rNeg    . . .      Spirit   .   a - +0 robe
rPois   .          Reflect  .   (no helmet)
rElec   .          Harm     .   (no cloak)
rCorr   .          Rampage  .   (no gloves)
Will    .....                   (no boots)
Stlth   +.........              (no amulet)
HPRegen 0.04/turn               (no ring)
MPRegen 0.08/turn               (no ring)

@: very slow
A: no striking features
a: no special abilities


You were on level 1 of the Dungeon.
You visited 1 branch of the dungeon, and saw 1 of its levels.

Inventory:

Armour
 a - a +0 robe (worn)
 c - a +0 leather armour
Scrolls
 b - a scroll of fear {unknown}


   Skills:
 + Level 2.0 Dodging
 + Level 2.0 Stealth
 + Level 2.0 Spellcasting
 + Level 4.1 Conjurations


You had 3 spell levels left.
You knew the following spells:

 Your Spells              Type           Power      Damage    Failure   Level
a - Magic Dart            Conj           64%        1d6       3%          1

Your spell library contained the following spells:

 Spells                   Type           Power      Damage    Failure   Level
 Searing Ray              Conj           32%        2d5       4%          2
 Dazzling Flash           Conj/Hex       18%        N/A       24%         3
 Fulminant Prism          Conj/Hex       4%         3d6       61%         4
 Iskenderun's Mystic Bla  Conj/Tloc      9%         2d4       61%         4


Dungeon Overview and Level Annotations

Branches:
Dungeon (1/15)

Altars:

Shops:
D:1 *


Message History

The magic dart hits the jackal.
You kill the jackal!
There is a staircase leading out of the dungeon here.
The ball python barely misses you. x2
You enter the shallow water.
Moving in this stuff is going to be slow.
The ball python closely misses you. The ball python misses you.
The ball python barely misses you. The ball python grabs you.
The ball python constricts you.
You escape the ball python's grasp.
The ball python bites you.
* * * LOW HITPOINT WARNING * * *
The ball python grabs you. The ball python constricts you.
* * * LOW HITPOINT WARNING * * *
You escape the ball python's grasp.
Aiming: Magic Dart (safe; 3% risk of failure)
Press: ? - help, Q - select action Shift-Dir - straight line, f - ball python
Aim: a ball python (100% to hit)
The magic dart hits the ball python.
The ball python is moderately wounded.
The ball python misses you. The ball python closely misses you.
You enter the shallow water.
Moving in this stuff is going to be slow.
The hobgoblin closely misses you. The ball python barely misses you.
The ball python closely misses you.
The hobgoblin hits the toadstool.
The toadstool is destroyed!
The ball python barely misses you. The ball python grabs you.
The ball python constricts you.
You escape the ball python's grasp.
The hobgoblin hits the toadstool.
The ball python bites you.
* * * LOW HITPOINT WARNING * * *
The ball python grabs you. The ball python constricts you.
You escape the ball python's grasp.
The hobgoblin hits the toadstool.
The toadstool is destroyed!
The ball python closely misses you. x2
You enter the shallow water.
Moving in this stuff is going to be slow.
The ball python bites you.
You die...

#∩# ## ...[. ##'# .. ...# #..#
##### # ^###.g# #.##### #... .#
....# #.###≈###.###≈##
##..##### #.##≈♣≈...##≈♣≈##
#g..#.... #..≈♣⌠♣≈≈≈≈≈♣⌠♣≈#
#.#.#.).$ ##..≈♣.......♣≈.##
#J#S#.... #....≈..gJ.†S@...#
#.#.#.(..
#...≈P.......♣≈..#####.#.#....
##..≈P⌠.≈≈≈≈≈♣⌠♣≈.........'####
#....≈.≈###..≈♣≈#####..##......
#.##..≈## #...≈######.###..###.
#..#...# ###..>...............
##.....# ####..##......######
##....# #........###### ##...#
##########


You could see an endoplasm, a hobgoblin and a ball python.

Vanquished Creatures
  A goblin (D:1)
  A jackal (D:1)
  A ball python (D:1)
3 creatures vanquished.

Vanquished Creatures (others)
  2 toadstools (D:1)
2 creatures vanquished.

Grand Total: 5 creatures vanquished

Notes
Turn   | Place    | Note
-------+----------+-------------------------------------------
     0 | D:1      | Tocho the Human Conjurer began the quest for the Orb.
     0 | D:1      | Reached XP level 1. HP: 13/13 MP: 3/3
    28 | D:1      | Found Kasiqon's Assorted Antiques.
   161 | D:1      | Slain by a ball python

Illustrated notes

Levels and vault maps discovered:
D:1:      ldierk_water_garden, layout_rooms, serial_shops,
          nicolae_shop_window_shopping, minmay_3d_cube

Action                   || total
-------------------------++-------
Melee: Unarmed           ||     1
 Cast: Magic Dart        ||     9
Armor: Robe              ||     1
Dodge: Dodged            ||    23

Table legend: (Time is in decaauts)
 A = Elapsed time spent in this place.
 B = Non-inter-level travel time spent in this place.
 C = Inter-level travel time spent in this place.
 D = Time resting spent in this place.
 E = Time spent auto-exploring this place.
 F = Levels seen in this place.
 G = Mean time per level.
                   A        B        C        D        E       F      G
               +--------+--------+--------+--------+--------+-----+--------+
         Total |    166 |    166 |      0 |      0 |     75 |   1 |  166.0 |
       Dungeon |    166 |    166 |      0 |      0 |     75 |   1 |  166.0 |
               +--------+--------+--------+--------+--------+-----+--------+

Top non-repeatable levels by time:
     D:1: 166 daAuts
